 Dungeon Crawl Stone Soup version 0.30-b1-2-g02819fbbbe (webtiles) character file.

Game seed: 5092337143252533115

14 BoggartBeater the Cutter (level 2, -1/19 HPs)
             Began as a Kobold Berserker on Aug 17, 2023.
             Was a Follower of Trog.
             Slain by a gnoll
             ... wielding a +0 flail
              (9 damage)
             ... on level 1 of the Dungeon.
             The game lasted 00:01:07 (575 turns).

BoggartBeater the Cutter (Kobold Berserker)          Turns: 575, Time: 00:01:08

Health: -1/19      AC:  2    Str: 14    XL:     2   Next: 55%
Magic:  2/2        EV: 15    Int:  8    God:    Trog [*.....]
Gold:   30         SH:  0    Dex: 14    Spells: 1/1 levels left

rFire   . . .        a - +0 short sword
rCold   . . .        (no shield)
rNeg    . . .        b - +0 animal skin
rPois   .            (no helmet)
rElec   .            (no cloak)
rCorr   .            (no gloves)
SInv    .            (no boots)
Will    .....        (no amulet)
Stlth   +++          (no ring)
HPRegen 0.23/turn    (no ring)
MPRegen 0.08/turn

%: no passive effects
@: no status effects
A: small, no large weapons, nightstalker 3
a: Renounce Religion, Berserk


You were on level 1 of the Dungeon.
You worshipped Trog.
Trog was aware of your devotion.
You visited 1 branch of the dungeon, and saw 1 of its levels.

You collected 30 gold pieces.

Inventory:

Hand Weapons
 a - a +0 short sword (weapon)
Armour
 b - a +0 animal skin (worn)
Jewellery
 c - a +6 ring of intelligence
Potions
 d - a potion of mutation {unknown}
 e - a potion of resistance {unknown}


   Skills:
 + Level 3.5 Fighting
 + Level 4.3 Short Blades
 - Level 1.5 Armour
 + Level 2.7 Dodging
 + Level 1.3 Stealth


You had one spell level left.
You didn't know any spells.
Your spell library was empty.

Dungeon Overview and Level Annotations

Branches:
Dungeon (1/15)

Altars:


Innate Abilities, Weirdness & Mutations

You are small and have problems with some larger weapons.
You are completely attuned to the shadows.


Message History

You hit the goblin.
You kill the goblin!
Trog accepts your kill.
No target in view!
Things that are here:
a +0 dagger; a goblin corpse An endoplasm comes into view.
The helpless endoplasm fails to defend itself.
You puncture the endoplasm!
You kill the endoplasm!
Trog accepts your kill.
A kobold and a goblin come into view.
The goblin shouts!
The kobold shouts!
You hear a shout!
You hit the goblin.
The goblin is severely wounded.
You hit the goblin.
You kill the goblin!
Trog accepts your kill.
The kobold throws a stone.
The stone barely misses you.
You closely miss the kobold. The kobold hits you with a +0 club.
You closely miss the kobold. The kobold closely misses you.
You miss the kobold.
A gnoll comes into view. It is wielding a +0 flail.
The kobold closely misses you.
You closely miss the kobold. You hit the kobold.
The kobold is severely wounded.
The kobold hits you with a +0 club.
You completely miss the kobold.
The kobold is severely wounded.
The kobold barely misses you.
You closely miss the kobold.
The kobold is severely wounded.
The kobold hits you with a +0 club. The gnoll closely misses you.
The kobold hits you but does no damage. The gnoll closely misses you.
The kobold attacks as you move away! The kobold misses you.
The gnoll attacks as you move away! The gnoll hits you with a +0 flail!
Really walk into that dispersal trap?
The gnoll attacks as you move away! The gnoll hits you with a +0 flail!
You die...

#.# #.####### #.#
###########.#
####.###...........#######
.....K....................
####.###.#############.##.
#)#..K..............##.
..#...........#########
####...g.......#........
#...@.......#.#######
#...^.......#.# #..
##..........#.# #.#
#..........#.# ###..
#..........#.###....
###..........#.#......
............##.#.#..).
.....######.##.#.#....
.....### #.##.#.#....


You could see a gnoll and a kobold.

Vanquished Creatures
  A bat (D:1)
  An endoplasm (D:1)
  A giant cockroach (D:1)
  4 goblins (D:1)
  A hobgoblin (D:1)
  A kobold (D:1)
  A quokka (D:1)
10 creatures vanquished.

Notes
Turn   | Place    | Note
-------+----------+-------------------------------------------
     0 | D:1      | BoggartBeater the Kobold Berserker began the quest for the
                  | Orb.
     0 | D:1      | Reached XP level 1. HP: 14/14 MP: 1/1
   210 | D:1      | Reached skill level 1 in Stealth
   210 | D:1      | Reached XP level 2. HP: 12/19 MP: 2/2
   575 | D:1      | Slain by a gnoll

Illustrated notes

Levels and vault maps discovered:
D:1:      minmay_arrival_checkered_box, layout_basic

Skill      XL: |  1 |
---------------+----+-----
Stealth        | 1 |  1.3
Fighting       | |  3.5
Short Blades   | |  4.3
Armour         | |  1.5
Dodging        | |  2.7

Action                     || total
---------------------------++-------
  Melee: Short sword       ||    66
         Punch             ||     1
   Stab: Sleeping          ||     1
 Armour: Animal skin       ||    18
  Dodge: Dodged            ||    46
